 Dungeon Crawl Stone Soup version 0.27.0-1-g7a089689b8 (webtiles) character file.

Game seed: 3356558310275510598

175 Sin92 the Skirmisher (level 5, -3/41 HPs)
             Began as a Demonspawn Fighter on Aug 11, 2021.
             Succumbed to an orc's poison
             ... on level 4 of the Dungeon.
             The game lasted 00:02:20 (3182 turns).

Sin92 the Skirmisher (Demonspawn Fighter)           Turns: 3182, Time: 00:02:21

Health: -3/41      AC:  8    Str: 17    XL:     5   Next: 29%
Magic:  5/5        EV:  7    Int:  9    God:
Gold:   147        SH:  9    Dex: 13    Spells: 4/4 levels left

rFire    . . .     SeeInvis .   a - +0 trident
rCold    . . .     Faith    .   c - +0 kite shield
rNeg     . . .     Spirit   .   b - +0 scale mail
rPois    .         Reflect  .   (helmet restricted)
rElec    .         Harm     .   f - +0 cloak
rCorr    .         Rampage  .   (no gloves)
Will     .....                  (no boots)
Stlth    ..........             (no amulet)
HPRegen  0.13/turn              (no ring)
MPRegen  0.09/turn              (no ring)

@: mighty, lethally poisoned (-3 -> -17)
A: antennae 1, talons 1, foul stench 1, demonic magic 1
a: no special abilities


You were on level 4 of the Dungeon.
You visited 1 branch of the dungeon, and saw 4 of its levels.

You collected 147 gold pieces.

Inventory:

Hand Weapons
 a - a +0 trident (weapon)
Armour
 b - a +0 scale mail (worn)
 c - a +0 kite shield (worn)
 f - a +0 cloak (worn)
Jewellery
 g - a ring of magical power
Scrolls
 e - 2 scrolls of identify {unknown}


   Skills:
 + Level 3.6 Fighting
 * Level 3.2 Polearms
 + Level 3.2 Armour
 + Level 1.6 Dodging
 + Level 3.3 Shields


You had 4 spell levels left.
You didn't know any spells.
Your spell library was empty.

Dungeon Overview and Level Annotations

Branches:
Dungeon (4/15)
 Temple: D:4-7

Altars:
Cheibriados
Hepliaklqana
Trog
Uskayaw

Shops:
D:2 [   D:3 ?


Innate Abilities, Weirdness & Mutations

You have a pair of small antennae on your head.
You have sharp toenails.
You may rarely emit foul miasma when damaged in melee.
Spells you cast may paralyse adjacent enemies.


Message History

You are too injured to fight recklessly!
Unknown command.
There are monsters nearby!
You are too injured to fight recklessly!
There are monsters nearby!
Unknown command.
You are too injured to fight recklessly!
You hit the orc but do no damage.
The orc is almost dead.
You feel sick. You block the orc's attack. x2
The orc hits you with a +0 dagger of venom.
Your scale mail prevents you from hitting the orc.
You feel sick. The orc barely misses you. The orc hits you but does no damage.
You are more poisoned.
The orc hits you but does no damage.
You hit the orc.
The orc is severely wounded.
* * * LOW HITPOINT WARNING * * *
You feel very sick. The orc hits you but does no damage.
You are lethally poisoned!
The orc hits you but does no damage. You block the orc's attack.
You feel very mighty all of a sudden.
* * * LOW HITPOINT WARNING * * *
You feel very sick. You block the orc's attack. The orc barely misses you.
You puncture the orc!
You kill the orc!
* * * LOW HITPOINT WARNING * * *
You feel very sick. The orc closely misses you.
You closely miss the orc.
The orc is almost dead.
* * * LOW HITPOINT WARNING * * *
You feel very sick. The orc hits you but does no damage.
You are more poisoned.
You hit the orc.
You kill the orc!
You die...

##.......#
#....##........## .
...............## ..
#...........<...# ...
..$.......#..... ....
#.......#####...
.....####.....## ##..
......))....# ####
......)@....## ####...
......####..(#####..<...
....# ##...........)#
... ##.......##### .
##..##### ##.# #.# #.#
###


There were no monsters in sight!

Vanquished Creatures
  Crazy Yiuf (D:3)
  6 adders
  5 worms
  2 dart slugs
  7 orcs (D:4)
  4 bats
  8 endoplasms
  4 giant cockroaches
  7 goblins
  4 hobgoblins
  4 jackals (D:2)
  2 quokkas
  2 ball pythons
  A frilled lizard (D:1)
  6 kobolds
  5 rats
68 creatures vanquished.

Vanquished Creatures (others)
  2 fungi (D:3)
  A plant (D:4)
3 creatures vanquished.

Grand Total: 71 creatures vanquished

Notes
Turn   | Place    | Note
-------+----------+-------------------------------------------
     0 | D:1      | Sin92 the Demonspawn Fighter began the quest for the Orb.
     0 | D:1      | Reached XP level 1. HP: 18/18 MP: 1/1
   332 | D:1      | Gained mutation: You may rarely emit foul miasma when
                  | damaged in melee. [demonic ancestry]
   332 | D:1      | Reached XP level 2. HP: 23/24 MP: 2/2
  1066 | D:2      | Gained mutation: You have sharp toenails. [demonic
                  | ancestry]
  1066 | D:2      | Reached XP level 3. HP: 29/29 MP: 3/3
  1133 | D:2      | Reached skill level 1 in Dodging
  1496 | D:2      | Found a faded altar of an unknown god.
  1659 | D:2      | Gained mutation: You have a pair of small antennae on your
                  | head. [demonic ancestry]
  1659 | D:2      | Reached XP level 4. HP: 35/35 MP: 4/4
  1965 | D:2      | Found Viosos's Antique Armour Shoppe.
  2206 | D:3      | Found Luhagal's Magic Scroll Shop.
  2483 | D:3      | Found a hide-covered altar of Uskayaw.
  2483 | D:3      | Found a bloodstained altar of Trog.
  2502 | D:3      | Found a hazy altar of Hepliaklqana.
  2504 | D:3      | Found a faded altar of an unknown god.
  2506 | D:3      | Found a snail-covered altar of Cheibriados.
  2783 | D:3      | Found a runed translucent door.
  2784 | D:3      | Noticed Crazy Yiuf
  2791 | D:3      | Killed Crazy Yiuf
  2792 | D:3      | Gained mutation: Spells you cast may paralyse adjacent
                  | enemies. [demonic ancestry]
  2792 | D:3      | Reached XP level 5. HP: 37/41 MP: 2/5
  3181 | D:4      | HP: 1/41 [poisoned by an orc]
  3182 | D:4      | Succumbed to an orc's poison

Illustrated notes

Levels and vault maps discovered:
D:1:      kilobyte_arrival_exit_the_forest, layout_basic, chequers_jeans,
          hangedman_decor_growths, hangedman_abyss_or_decor_lesser_grid
D:2:      layout_loops_ring, serial_shops, shop, shapermc_ecumenical_altar_venn
D:3:      layout_rooms, chequers_temple_overflow_minitemple, serial_shops, shop,
          kennysheep_cluttered_room, grunt_ministairs_13,
          kennysheep_generic_room_14, uniq_crazy_yiuf_cottage
D:4:      layout_layer_cave, nicolae_vehumet_altar_sigil, corexii_shack

Skill      XL: |  1  2  3  4 |
---------------+-------------+-----
Polearms       | 2 3 |  3.2
Dodging        | 1 |  1.6
Shields        | 3 |  3.3
Armour         | 3 |  3.2
Fighting       | |  3.6

Action                   |  1- 3 |  4- 6 || total
-------------------------+-------+-------++-------
Melee: Trident           |    96 |   111 ||   207
       Kick              |    10 |    28 ||    38
  Use: Potion            |       |     1 ||     1
Armor: Scale mail        |    43 |    42 ||    85
Dodge: Dodged            |    36 |    40 ||    76
Block: Kite shield       |    36 |    55 ||    91
